 Seeded DCSS version 0.29-a0-43-g62a80824bf (webtiles) character file.

Game seed: 16603882162921618398 (custom seed)

4 riojii the Sneak (level 1, -1/10 HPs)
             Began as a Vampire Enchanter on Feb 2, 2022.
             Slain by a hobgoblin (4 damage)
             ... on level 1 of the Dungeon.
             The game lasted 00:00:32 (123 turns).

riojii the Sneak (Vampire Enchanter)                 Turns: 123, Time: 00:00:33

Health: -1/10      AC:  2    Str:  7    XL:     1   Next: 50%
Magic:  3/3        EV: 12    Int: 17    God:
Gold:   0          SH:  0    Dex: 14    Spells: 4/4 levels left

rFire   . . .      SeeInvis +   a - +1 dagger
rCold   + + .      Faith    .   (no shield)
rNeg    + + +      Spirit   .   b - +0 robe
rPois   ∞          Reflect  .   (no helmet)
rElec   .          Harm     .   (no cloak)
rCorr   .          Rampage  .   (no gloves)
Will    .....                   (no boots)
Stlth   +++++.....              (no amulet)
HPRegen 0.00/turn               (no ring)
MPRegen 0.08/turn               (no ring)

@: bloodless, inhibited regen
A: bloodless, fangs 3, see invisible, vampiric 1
a: Revivify


You were on level 1 of the Dungeon.
You visited 1 branch of the dungeon, and saw 1 of its levels.

Inventory:

Hand Weapons
 a - a +1 dagger (weapon)
Armour
 b - a +0 robe (worn)
Potions
 c - a potion of invisibility


   Skills:
 + Level 0.1 Fighting
 * Level 1.2 Short Blades
 + Level 2.2 Dodging
 * Level 4.5 Stealth
 + Level 2.0 Spellcasting
 * Level 4.5 Hexes


You had 4 spell levels left.
You didn't know any spells.
Your spell library contained the following spells:

 Spells                   Type           Power      Damage    Failure   Level
 Confusing Touch          Hex            17%        N/A       9%          3
 Tukima's Dance           Hex            17%        N/A       9%          3
 Ensorcelled Hibernation  Hex/Ice        18%        N/A       12%         2
 Dazzling Flash           Conj/Hex       18%        N/A       22%         3
 Portal Projectile        Hex/Tloc       18%        N/A       22%         3
 Call Canine Familiar     Summ           1%         N/A       50%         3
 Leda's Liquefaction      Hex/Erth       4%         N/A       58%         4


Dungeon Overview and Level Annotations

Branches:
Dungeon (1/15)

Altars:


Innate Abilities, Weirdness & Mutations

You do not regenerate when monsters are visible.
You are frail without blood (-20% HP).
You can heal yourself when you bite living creatures.
You are immune to poison.
You have razor-sharp teeth.
You have supernaturally acute eyesight. (SInv)
You are afflicted with vampirism.


Message History

No target in view!
Things that are here:
a ball python corpse; a rat corpse; a rat corpse You start resting.
HP restored.
The ball python hisses angrily.
You hear a shout!
The ball python bites you. The ball python grabs you.
The ball python constricts you.
A rat comes into view.
The ball python completely misses you. The ball python constricts you.
You hit the ball python.
The ball python is moderately wounded.
The ball python closely misses you. The ball python constricts you.
You closely miss the ball python. You bite the ball python.
You kill the ball python!
You barely miss the rat. The rat closely misses you.
You hit the rat.
The rat is moderately wounded.
The rat barely misses you.
You barely miss the rat.
The rat is moderately wounded.
A hobgoblin comes into view.
The rat barely misses you.
You hit the rat.
The rat is severely wounded.
The rat barely misses you.
You hit the rat.
You kill the rat!
You barely miss the hobgoblin. The hobgoblin barely misses you.
You hit the hobgoblin but do no damage. The hobgoblin misses you.
You barely miss the hobgoblin. You bite the hobgoblin.
You draw the hobgoblin's blood!
You feel better.
The hobgoblin is almost dead.
The hobgoblin hits you.
Ouch! That really hurt!
* * * LOW HITPOINT WARNING * * *
You closely miss the hobgoblin.
The hobgoblin is almost dead.
The hobgoblin hits you.
You die...

#.##.##(## #....##
#'##.##'####.....#
.##...##.##......#
##.....##.#......###
'...<...'##........
####
##.....###.......##....
##...##...............
##.##.........g#.#
#.##.........@.#
#.##..........#.#
#..†..........# #
####...........#
##.........#.#
##......#.....
#############


You could see a hobgoblin.

Vanquished Creatures
  2 ball pythons (D:1)
  3 rats (D:1)
5 creatures vanquished.

Notes
Turn   | Place    | Note
-------+----------+-------------------------------------------
     0 | D:1      | riojii the Vampire Enchanter began the quest for the Orb.
     0 | D:1      | Reached XP level 1. HP: 13/13 MP: 3/3
   123 | D:1      | Slain by a hobgoblin

Illustrated notes

Levels and vault maps discovered:
D:1:      dpeg_arrival_rhombi, layout_rooms, hellmonk_ecumenical_altar_blasted,
          minmay_misc_feat_five, corexii_leaking_fountain,
          minmay_small_reverse_x

Action                   || total
-------------------------++-------
Melee: Dagger            ||    19
       Bite              ||     3
 Abil: Exsanguinate      ||     1
Armor: Robe              ||     1
Dodge: Dodged            ||    13

Table legend: (Time is in decaauts)
 A = Elapsed time spent in this place.
 B = Non-inter-level travel time spent in this place.
 C = Inter-level travel time spent in this place.
 D = Time resting spent in this place.
 E = Time spent auto-exploring this place.
 F = Levels seen in this place.
 G = Mean time per level.
                   A        B        C        D        E       F      G
               +--------+--------+--------+--------+--------+-----+--------+
         Total |    121 |    121 |      0 |     19 |     40 |   1 |  121.0 |
       Dungeon |    121 |    121 |      0 |     19 |     40 |   1 |  121.0 |
               +--------+--------+--------+--------+--------+-----+--------+

Top non-repeatable levels by time:
     D:1: 121 daAuts
